 Dungeon Sprint DCSS version 0.19.4-8-ga85b6b9 (webtiles) character file.

9900000 protoss039 the Conqueror (level 27, -22/273 HPs)
             Began as a Minotaur Fighter on Feb 7, 2017.
             Was the Champion of Makhleb.
             Annihilated by a bag of meat
             ... wielding a +9 war axe
              (31 damage)
             ... in the Dungeon (Sprint VIII: "Arena of Blood").
             The game lasted 00:10:28 (99 turns).

protoss039 the Conqueror (Minotaur Fighter)           Turns: 99, Time: 00:10:29

Health: -22/273    AC: 13    Str: 33    XL:     27
Magic:  35/53      EV: 25    Int:  5    God:    Makhleb [******]
Gold:   0          SH:  0    Dex: 11    Spells: 0 memorised, 80 levels left

rFire  . . .     SeeInvis .     l - +∞ Axe of Woe
rCold  . . .     Gourm    .     b - +0 scale mail
rNeg   . . .     Faith    .     (shield currently unavailable)
rPois  .         Spirit   .     (helmet restricted)
rElec  .         Reflect  .     (no cloak)
rCorr  .         Harm     .     (no gloves)
MR     ++...     NoTele   +     (no boots)
Stlth  ++++++++..               (no amulet)
                                (no ring)
                                (no ring)

@: no status effects
A: retaliatory headbutt, horns 2
a: Minor Destruction, Lesser Servant of Makhleb, Major Destruction, Greater
Servant of Makhleb, Renounce Religion


You were in the Dungeon.
You worshipped Makhleb.
Makhleb was exalted by your worship.
You were not hungry.

You visited 1 branch

Inventory:

Hand Weapons
 a - a +0 war axe
 l - the +∞ Axe of Woe (weapon)
   (You found it in the Dungeon)
Armour
 b - a +0 scale mail (worn)
 c - a +0 shield
Scrolls
 k - a scroll of blinking
Potions
 d - a potion of might
 e - a potion of curing
 g - a potion of heal wounds
 h - a potion of haste
 i - 2 potions of magic
 j - a potion of berserk rage
Comestibles
 f - a bread ration


   Skills:
 O Level 27 Fighting
 O Level 27 Axes
 O Level 27 Throwing
 O Level 27 Armour
 O Level 27 Dodging
 O Level 27 Stealth
 O Level 27 Shields
 O Level 27 Unarmed Combat
 O Level 27 Spellcasting
 O Level 27 Invocations


You had 80 spell levels left.
You didn't know any spells.

Dungeon Overview and Level Annotations

Branches:
Dungeon (1/1)

Altars:
Makhleb


Innate Abilities, Weirdness & Mutations

You reflexively headbutt those who attack you in melee.
You have a pair of horns on your head.


Message History

Unknown command.
Press: ? - help, v - describe, . - travel, g - get item A +9 war axe.
There is something else lying underneath.
The floor, spattered with blood.
You hear a shout!
The eight-headed meat hydra calls on the powers of darkness!
The eight-headed meat hydra convulses!
The bag of meat convulses!
The eight-headed meat hydra convulses!
The meat berserker convulses!
The bag of meat convulses! x2; Your body is wracked with pain!
* * * LOW HITPOINT WARNING * * *
The meat berserker convulses!
Your cacodemon gestures at the bag of meat.
The bag of meat seems to slow down.
The accursed casts a spell at you. Something smites you!
* * * LOW HITPOINT WARNING * * *
You hear a shout!
The bag of meat hits you with a +9 war axe!!
You die...

%.%......
%D....... .
#%%.....# ..
#.M....%#
..o###.O.M ..###.
...M..%.o##%..O.o
#..o%ooDW_o%..D.
...x.o#@)oz%#
...ooo§§)<%_#
{..ooo#§§o2%#
#...Coxx§_.oM..%
....oxo%###...%..
...###Moz ..###.
... #.oo ..# ..
#oo. .# ..o.o ..


You could see 5 accurseds, 3 eight-headed meat hydras, 2 sculptors of flesh, a
large bag of meat (inner flame), a dread, 2 meat berserkers, 23 bags of meat, 2
crawling corpses and a friendly cacodemon.

Vanquished Creatures
  7 hell beasts (D)
  2 greater mummies (D)
  4 wraiths (D)
  9 vampire knights (D)
  43 ogres (D)
  4 liches (D)
  A hydra (D)
  58 orcs (D)
  A phantom (D)
  6 hill giants (D)
  4 skeletal warriors (D)
  8 large abominations (D)
  9 small abominations (D)
  10 crawling corpses (D)
166 creatures vanquished.

Vanquished Creatures (others)
  9 orcs (D)
  5 crawling corpses (D)
14 creatures vanquished.

Grand Total: 180 creatures vanquished

Notes
Turn   | Place    | Note
-------+----------+-------------------------------------------
     0 | D        | protoss039 the Minotaur Fighter began the quest for the Orb.
     0 | D        | Reached XP level 1. HP: 19/19 MP: 0/0
     2 | D        | Noticed a bag of meat
     3 | D        | Became a worshipper of Makhleb the Destroyer
     5 | D        | Noticed a bag of meat
     6 | D        | Noticed a bag of meat
     6 | D        | Noticed a meat berserker
     7 | D        | Noticed a bag of meat
     9 | D        | Noticed a meat berserker
    10 | D        | Killed a meat berserker
    10 | D        | Reached XP level 2. HP: 20/59 MP: 1/1
    10 | D        | Reached XP level 3. HP: 22/66 MP: 2/2
    10 | D        | Reached XP level 4. HP: 25/74 MP: 3/3
    10 | D        | Reached XP level 5. HP: 27/81 MP: 4/4
    10 | D        | Reached XP level 6. HP: 30/90 MP: 5/5
    10 | D        | Reached XP level 7. HP: 32/96 MP: 6/6
    10 | D        | Reached XP level 8. HP: 35/105 MP: 7/7
    10 | D        | Reached XP level 9. HP: 38/112 MP: 8/8
    10 | D        | Reached XP level 10. HP: 41/121 MP: 9/9
    10 | D        | Reached XP level 11. HP: 43/127 MP: 10/10
    10 | D        | Reached XP level 12. HP: 46/136 MP: 11/11
    10 | D        | Reached XP level 13. HP: 48/143 MP: 12/12
    11 | D        | Noticed a meat berserker
    11 | D        | Killed a bag of meat
    11 | D        | Reached * piety under Makhleb
    11 | D        | Reached skill level 15 in Axes
    12 | D        | Noticed a bag of meat
    12 | D        | Noticed a meat berserker
    12 | D        | Killed a meat berserker
    12 | D        | Reached XP level 14. HP: 56/162 MP: 12/22
    12 | D        | Killed a bag of meat
    12 | D        | Reached skill level 15 in Dodging
    12 | D        | Reached XP level 15. HP: 102/172 MP: 12/24
    12 | D        | Reached ** piety under Makhleb
    12 | D        | Reached skill level 27 in Fighting
    12 | D        | Reached skill level 15 in Invocations
    13 | D        | Killed a meat berserker
    13 | D        | Reached XP level 16. HP: 162/183 MP: 12/28
    15 | D        | Noticed a meat berserker
    15 | D        | Noticed a meat berserker
    15 | D        | Killed a meat berserker
    15 | D        | Reached skill level 27 in Axes
    16 | D        | Noticed a meat berserker
    17 | D        | Noticed a meat berserker
    18 | D        | Killed a meat berserker
    18 | D        | Reached *** piety under Makhleb
    18 | D        | Reached XP level 17. HP: 189/191 MP: 13/32
    19 | D        | Killed a meat berserker
    19 | D        | Reached skill level 27 in Dodging
    19 | D        | Reached skill level 10 in Spellcasting
    19 | D        | Reached XP level 18. HP: 200/200 MP: 13/34
    19 | D        | Killed a meat berserker
    19 | D        | Reached **** piety under Makhleb
    19 | D        | Reached skill level 27 in Armour
    19 | D        | Reached skill level 15 in Spellcasting
    19 | D        | Reached skill level 27 in Invocations
    20 | D        | Noticed a meat berserker
    20 | D        | Reached XP level 19. HP: 207/207 MP: 13/41
    21 | D        | Reached skill level 5 in Throwing
    23 | D        | Killed a meat berserker
    23 | D        | Reached skill level 5 in Stealth
    23 | D        | Reached ***** piety under Makhleb
    24 | D        | Reached XP level 20. HP: 216/216 MP: 14/49
    25 | D        | Reached skill level 27 in Spellcasting
    26 | D        | Reached skill level 10 in Stealth
    26 | D        | Reached skill level 15 in Unarmed Combat
    28 | D        | Killed a meat berserker
    29 | D        | Noticed a meat berserker
    29 | D        | Reached XP level 21. HP: 224/224 MP: 15/51
    30 | D        | Reached ****** piety under Makhleb
    33 | D        | Reached skill level 27 in Unarmed Combat
    33 | D        | Reached XP level 22. HP: 233/233 MP: 16/52
    34 | D        | Reached skill level 27 in Throwing
    34 | D        | Reached skill level 27 in Stealth
    34 | D        | Reached skill level 27 in Shields
    36 | D        | Reached XP level 23. HP: 240/240 MP: 17/53
    37 | D        | Noticed a destroyer
    38 | D        | Killed a destroyer
    42 | D        | Reached XP level 24. HP: 249/249 MP: 19/53
    48 | D        | Noticed an accursed
    51 | D        | Reached XP level 25. HP: 257/257 MP: 21/53
    58 | D        | Noticed a tyrant
    58 | D        | Reached XP level 26. HP: 266/266 MP: 23/53
    60 | D        | Killed a tyrant
    61 | D        | Noticed a destroyer
    63 | D        | Noticed a destroyer
    63 | D        | Noticed a destroyer
    63 | D        | Noticed a dread
    63 | D        | Noticed a tyrant
    63 | D        | Noticed a destroyer
    63 | D        | Noticed a meat beast
    64 | D        | Noticed a destroyer
    64 | D        | Noticed a dread
    65 | D        | Killed a meat beast
    65 | D        | Reached XP level 27. HP: 211/273 MP: 25/53
    66 | D        | Killed a destroyer
    69 | D        | Noticed a destroyer
    69 | D        | Noticed a meat beast
    70 | D        | Killed a destroyer
    70 | D        | Killed an accursed
    70 | D        | Noticed a tyrant
    71 | D        | Noticed an accursed
    71 | D        | Killed a destroyer
    73 | D        | Noticed a meat beast
    73 | D        | Killed a destroyer
    73 | D        | Killed a destroyer
    74 | D        | Killed a dread
    75 | D        | Killed a meat beast
    76 | D        | Noticed a dread
    76 | D        | Killed an accursed
    76 | D        | Killed a tyrant
    76 | D        | Killed a destroyer
    76 | D        | Noticed a destroyer
    77 | D        | Noticed a meat beast
    77 | D        | Killed a dread
    79 | D        | Killed a dread
    80 | D        | Killed a meat beast
    81 | D        | Killed a meat beast
    82 | D        | Noticed a meat beast
    82 | D        | Noticed an accursed
    82 | D        | Noticed a meat beast
    84 | D        | Killed a destroyer
    85 | D        | Noticed a tyrant
    85 | D        | Killed a meat beast
    87 | D        | Killed a meat beast
    88 | D        | Noticed a dread
    88 | D        | Killed a tyrant
    89 | D        | Noticed a meat beast
    90 | D        | Noticed a dread
    91 | D        | Noticed a destroyer
    91 | D        | Noticed an accursed
    92 | D        | Killed a meat beast
    92 | D        | Killed a tyrant
    94 | D        | Noticed an accursed
    94 | D        | Killed a destroyer
    95 | D        | Noticed an accursed
    95 | D        | Noticed a tyrant
    96 | D        | Killed a dread
    98 | D        | Noticed an accursed
    99 | D        | HP: 9/273 [accursed/divine providence (12)]
    99 | D        | Annihilated by a bag of meat

Skill      XL: |  1  2  3  4  5  6  7  8  9 10 11 12 13 14 15 16 17 18 19 20 21 22 |
---------------+-------------------------------------------------------------------+-----
Fighting       | 21 25 26 27 | 27.0
Axes           | 13 19 20 25 27 | 27.0
Armour         | 21 25 27 | 27.0
Shields        | 20 27 | 27.0
Dodging        | 14 15 20 26 27 | 27.0
Invocations    | 12 14 18 24 26 27 | 27.0
Spellcasting   | 10 19 26 27 | 27.0
Throwing       | 4 7 19 26 27 | 27.0
Stealth        | 3 6 17 24 27 | 27.0
Unarmed Combat | 3 7 20 27 | 27.0

Action                   |  1- 3 |  4- 6 |  7- 9 | 10-12 | 13-15 | 16-18 | 19-21 | 22-24 | 25-27 || total
-------------------------+-------+-------+-------+-------+-------+-------+-------+-------+-------++-------
Melee: Executioner's axe |     1 |       |       |       |     3 |     4 |    10 |    15 |    41 ||    74
Invok: Minor Destruction |       |       |       |       |       |     2 |       |       |       ||     2
       Lesser Servant of |       |       |       |       |       |       |     1 |       |       ||     1
       Major Destruction |       |       |       |       |       |       |     1 |     1 |     1 ||     3
       Greater Servant o |       |       |       |       |       |       |     1 |     2 |     5 ||     8
 Stab: Distracted        |       |       |       |       |       |       |       |     2 |     1 ||     3
Armor: Scale mail        |       |       |       |       |       |       |       |       |     5 ||     5
Dodge: Dodged            |       |       |       |       |       |     2 |       |     1 |     8 ||    11
Block: Shield            |     1 |       |       |       |       |       |       |       |       ||     1
